 Dungeon Crawl Stone Soup version 0.19.0-24-gb05acd6 (webtiles) character file.

6893 SaltIsReal the Martial Artist (level 11, -13/56 HPs)
             Began as a Vine Stalker Monk on Nov 22, 2016.
             Was a High Priest of Lugonu.
             Mangled by a minotaur
             ... wielding a +2 trident of protection
              (15 damage)
             ... in a labyrinth.
             The game lasted 00:30:01 (9511 turns).

SaltIsReal the Martial Artist (Vine Stalker Monk)   Turns: 9511, Time: 00:30:02

Health: -13/56     AC: 12    Str: 17    XL:     11   Next: 6%
Magic:  0/18       EV:  8    Int: 10    God:    Lugonu [*****.]
Gold:   463        SH:  5    Dex: 17    Spells: 0 memorised, 10 levels left

rFire  . . .     SeeInvis .       - Unarmed
rCold  + . .     Gourm    .     M - +0 chain mail {rC+}
rNeg   + . .     Faith    .     s - +0 buckler
rPois  .         Spirit   +     (no helmet)
rElec  .         Reflect  .     (no cloak)
rCorr  .         Harm     .     n - +1 pair of gloves
MR     +....                    q - +0 pair of boots
Stlth  ..........               (no amulet)
                                (no ring)
                                f - ring of positive energy

@: very slightly contaminated, invisible
A: fangs 3, regeneration 1, magic shield, antimagic bite, no device heal 3, rot
immunity
a: Depart the Abyss, Bend Space, Banish, Corrupt, Enter the Abyss, Renounce
Religion


You were in a labyrinth.
You worshipped Lugonu.
Lugonu was extremely pleased with you.
You were not hungry.

You visited 1 branch of the dungeon, and saw 11 of its levels.
You also visited: Labyrinth.

You collected 463 gold pieces.

Inventory:

Hand Weapons
 v - a +1 dagger of venom
Armour
 n - a +1 pair of gloves (worn)
 q - a +0 pair of boots (worn)
 s - a +0 buckler (worn)
 M - a +0 chain mail of cold resistance (worn)
Jewellery
 f - a ring of positive energy (left hand)
Wands
 d - a wand of iceblast (7/15)
 o - a wand of digging (5/24)
 p - a wand of slowing (38/48)
 B - a wand of flame (16/48)
 H - a wand of digging (7/24)
 K - a wand of digging (9/24)
Scrolls
 e - a scroll of fear {unknown}
 g - a scroll of blinking
 t - 5 scrolls of remove curse
 u - 3 scrolls of immolation
 w - 2 scrolls of teleportation
 y - 2 scrolls of vulnerability
 z - 3 scrolls of magic mapping
 A - a scroll of amnesia {unknown}
 C - 2 scrolls of identify
 F - a scroll of enchant weapon
 G - a scroll of random uselessness {unknown}
 I - a scroll of silence {unknown}
Potions
 a - 2 potions of flight
 c - a potion of heal wounds
 j - 4 potions of degeneration
 k - 2 potions of cancellation
 l - 2 potions of brilliance
 D - 2 potions of haste {unknown}
 J - a potion of cure mutation {unknown}
 L - a potion of berserk rage {unknown}
Books
 x - a book of Misfortune

   Spells                             Type                      Level
   a - Confusing Touch                Hexes                        1
   b - Confuse                        Hexes                        3
   c - Gell's Gravitas                Hexes/Translocation          3
   d - Petrify                        Transmutation/Earth          4
   e - Metabolic Englaciation         Hexes/Ice                    5
   f - Yara's Violent Unravelling     Hexes/Transmutation          5
 N - a book of Enchantments

   Spells                             Type                      Level
   a - Cause Fear                     Hexes                        4
   b - Yara's Violent Unravelling     Hexes/Transmutation          5
   c - Silence                        Hexes/Air                    5
   d - Deflect Missiles               Charms/Air                   6
   e - Discord                        Hexes                        8
Comestibles
 b - 4 bread rations
 h - 25 fruits
 i - a royal jelly
 m - 4 meat rations


   Skills:
 + Level 5.8 Fighting
 + Level 4.0 Armour
 - Level 2.4 Dodging
 - Level 2.4 Stealth
 - Level 4.0 Shields
 * Level 11.6 Unarmed Combat
 + Level 8.1 Invocations


You had 10 spell levels left.
You didn't know any spells.

Dungeon Overview and Level Annotations

Branches:
Dungeon (11/15)            Temple (0/1) D:7            Lair (0/6) D:9
    Orc (0/2) D:11

Altars:
Dithmenos
Nemelex Xobeh
Qazlal
Sif Muna
Trog
Vehumet
Lugonu

Portals:
Ossuary: D:4

Annotations:
D:2 Crazy Yiuf
Abyss:1 Blork the orc


Innate Abilities, Weirdness & Mutations

You have razor-sharp teeth.
Your natural rate of healing is unusually fast.
When hurt, damage is shared between your health and your magic reserves.
Your bite disrupts and absorbs the magic of your enemies.
Potions and wands cannot restore your health.
You are immune to rotting.


Message History

You fade into invisibility!
The minotaur bellows!
The minotaur evokes its amulet.
The minotaur goes berserk!
You are very lightly contaminated with residual magic.
You block the minotaur's attack. The minotaur gores you!
The minotaur hits you with a trident of protection!!
The minotaur gores you but does no damage.
Found a torn book.
Found an escape hatch in the ceiling.
You punch the minotaur!
The minotaur is lightly wounded.
The minotaur hits you but does no damage.
The minotaur gores you but does no damage.
You punch the minotaur!
The minotaur is lightly wounded.
The minotaur hits you with a trident of protection!!
* * * LOW HITPOINT WARNING * * *
The minotaur gores you but does no damage.
The minotaur hits you but does no damage.
The minotaur gores you!
You die...

. # ... # # #
##. # # ... .#.
.# . .# .. .#
#. ..... ..# #
. #.#######.#
..# # #.
.#.....#.#. ###
.. . ..
#.###.#.# ....#
. #
#.#.#<#.#.#.###
#. .#.#.#@#.#..
## #.#.#H#.##
.# . # .
#.#...#.# . # #
. # #####.#. #
.# # #.. .. .#.
. . # .########
.. # . ... .. .
. ...# # # . #
# ..## # # .
#.# .. .#...


You could see a minotaur (berserk).

Vanquished Creatures
  Josephine (D:10)
  A hill giant (D:10)
  A two-headed ogre (D:9)
  A hippogriff (D:9)
  3 slime creatures (D:9)
  3 wraiths
  3 yaks
  A wyvern (D:9)
  Menkaure (D:7)
  An orc warrior (D:9)
  2 ice beasts
  4 sky beasts
  2 black bears
  3 phantoms
  2 ogres
  4 centaurs
  A crocodile (D:7)
  A big kobold (D:9)
  5 bullfrogs
  A wyvern skeleton (D:9)
  A scorpion (D:6)
  5 killer bees (D:8)
  A howler monkey (D:7)
  4 crimson imps
  A jelly (D:6)
  A quasit (D:8)
  An orc priest (D:5)
  A bullfrog zombie (D:7)
  2 bullfrog skeletons
  5 hounds
  An orc wizard (D:9)
  A centaur skeleton (D:9)
  A gnoll shaman (D:8)
  6 worker ants
  A killer bee zombie (D:8)
  A hound zombie (D:10)
  A mummy (D:4)
  2 worker ant zombies
  27 gnolls
  6 adders
  A shadow imp (D:6)
  An ooze (D:3)
  2 adder skeletons (D:5)
  An adder zombie (D:8)
  2 worms
  2 dart slugs
  2 leopard geckos
  14 orcs
  10 giant cockroaches
  2 goblins
  5 hobgoblins
  16 jackals
  3 quokkas
  A ball python (D:5)
  7 bats
  3 frilled lizards
  5 kobolds
  A leopard gecko zombie (D:7)
  4 rats
192 creatures vanquished.

Vanquished Creatures (others)
  A scorpion (D:5)
  An electric eel (D:6)
  A crimson imp (D:5)
  An adder (D:6)
  A leopard gecko (D:6)
  2 plants (D:6)
7 creatures vanquished.

Grand Total: 199 creatures vanquished

Notes
Turn   | Place    | Note
-------+----------+-------------------------------------------
     0 | D:1      | SaltIsReal the Vine Stalker Monk began the quest for the Orb.
     0 | D:1      | Reached XP level 1. HP: 11/11 MP: 2/2
   391 | D:1      | Reached XP level 2. HP: 16/16 MP: 3/3
   819 | D:2      | Found a faded altar of an unknown god.
   826 | D:2      | Became a worshipper of Lugonu the Unformed
   826 | D:2      | Reached * piety under Lugonu
   826 | D:2      | Reached ** piety under Lugonu
   826 | D:2      | Reached *** piety under Lugonu
   865 | D:2      | Found a runed door.
  1098 | D:2      | Reached XP level 3. HP: 19/19 MP: 4/4
  1119 | D:2      | Reached skill level 4 in Unarmed Combat
  1395 | D:2      | Noticed Crazy Yiuf
  1726 | D:3      | Reached skill level 1 in Invocations
  2052 | D:3      | Gained mutation: Your natural rate of healing is unusually fast. [Vine Stalker growth]
  2052 | D:3      | Reached XP level 4. HP: 23/23 MP: 6/6
  2073 | D:3      | Reached **** piety under Lugonu
  2168 | D:3      | Found a shadowy altar of Dithmenos.
  2531 | D:4      | Found a sand-covered staircase.
  2593 | D:4      | You fall through a shaft!
  2593 | D:5      | Entered Level 5 of the Dungeon
  2607 | D:5      | Reached skill level 5 in Unarmed Combat
  2607 | D:5      | Reached XP level 5. HP: 26/27 MP: 7/7
  2854 | D:5      | Noticed a phantom
  2896 | D:5      | Killed a phantom
  2896 | D:5      | Reached skill level 1 in Shields
  2896 | D:5      | Reached XP level 6. HP: 15/32 MP: 6/9
  3083 | D:5      | Noticed a sky beast
  3118 | D:5      | Killed a sky beast
  3118 | D:5      | Reached skill level 6 in Unarmed Combat
  3153 | D:5      | Reached XP level 7. HP: 22/35 MP: 5/10
  3447 | D:5      | Found a bloodstained altar of Trog.
  3482 | D:5      | Reached skill level 7 in Unarmed Combat
  3672 | D:6      | Gained mutation: You have razor-sharp teeth. [Vine Stalker growth]
  3672 | D:6      | Reached XP level 8. HP: 36/39 MP: 10/12
  4468 | D:6      | Reached skill level 8 in Unarmed Combat
  4468 | D:6      | Reached skill level 5 in Invocations
  4987 | D:7      | Found a staircase to the Ecumenical Temple.
  5007 | D:7      | Noticed Menkaure
  5013 | D:7      | Killed Menkaure
  5233 | D:7      | Reached XP level 9. HP: 38/43 MP: 12/14
  5380 | D:7      | Reached skill level 9 in Unarmed Combat
  5487 | D:7      | Noticed Blork the orc
  5493 | D:7      | Banished Blork the orc
  5553 | D:7      | Found a deep blue altar of Sif Muna.
  5808 | D:7      | Found a radiant altar of Vehumet.
  5808 | D:7      | Found a stormy altar of Qazlal.
  6327 | D:8      | Reached ***** piety under Lugonu
  6334 | D:8      | Reached skill level 1 in Armour
  7186 | D:9      | Reached skill level 10 in Unarmed Combat
  7272 | D:9      | Reached XP level 10. HP: 35/51 MP: 16/16
  7517 | D:9      | Found a sparkling altar of Nemelex Xobeh.
  7789 | D:9      | Found a staircase to the Lair.
  8136 | D:10     | Entered Level 10 of the Dungeon
  8188 | D:10     | Reached skill level 5 in Fighting
  8243 | D:10     | Noticed Josephine
  8413 | D:10     | Noticed a hill giant
  8420 | D:10     | Killed a hill giant
  8420 | D:10     | Reached skill level 11 in Unarmed Combat
  8622 | D:10     | Killed Josephine
  8622 | D:10     | Reached XP level 11. HP: 56/56 MP: 16/18
  9024 | D:11     | Found a labyrinth entrance.
  9033 | Lab      | Entered a labyrinth
  9506 | Lab      | Noticed a minotaur
  9509 | Lab      | HP: 1/56 [minotaur/trident of protection (26)]
  9511 | Lab      | Mangled by a minotaur

Skill      XL: |  1  2  3  4  5  6  7  8  9 10 11 |
---------------+----------------------------------+-----
Unarmed Combat | 4 5 6 7 8 10 11 | 11.6
Invocations    | 1 2 3 4 5 6 8 |  8.1
Shields        | 1 2 4 |  4.0
Fighting       | 4 5 |  5.8
Armour         | 2 3 4 |  4.0
Dodging        | |  2.4
Stealth        | |  2.4

Action                   |  1- 3 |  4- 6 |  7- 9 | 10-12 || total
-------------------------+-------+-------+-------+-------++-------
Melee: Unarmed           |   143 |   166 |   424 |   202 ||   935
       Bite              |    32 |    46 |   146 |    76 ||   300
       Punch             |     2 |     5 |       |       ||     7
Invok: Banish            |       |       |     5 |     2 ||     7
Evoke: Wand              |       |       |       |     1 ||     1
  Use: Scroll            |     7 |     1 |     9 |     2 ||    19
       Potion            |     1 |       |     1 |     3 ||     5
 Stab: Sleeping          |     7 |       |     1 |       ||     8
       Invisible         |       |       |       |     3 ||     3
  Eat: Chunk             |     4 |     3 |    12 |     7 ||    26
       Royal jelly       |       |       |     1 |     1 ||     2
       Beef jerky        |       |       |     1 |       ||     1
Armor: Robe              |     4 |       |       |       ||     4
       Ring mail         |    36 |    57 |    61 |       ||   154
       Chain mail        |       |       |    99 |    87 ||   186
Dodge: Dodged            |    70 |    90 |   143 |    47 ||   350
Block: Buckler           |       |    11 |    73 |    29 ||   113
